Map: Automaton LE

Players

Neeb

  • Race: Protoss Protoss
  • Spawn Location: 9:00

Special - Winner!

  • Race: Terran Terran
  • League: Master
  • Spawn Location: 3:00

Event: 2019 WCS Spring

VOD

Have the link to the VOD?

Description

Time

  • Played on: May 19, 2019, 11:06 a.m.
  • Length: 10:35

All games in this series

Show
View Real Time Build Order
Export as new Build Order

Neeb Protoss 

Build Orders: 1 Gate Expand, Blink Stalkers 

Get SALT Encoding   

  12  0:00  Probe  
  13  0:12  Probe  
  14  0:18  Pylon  
  14  0:24  Probe  
  15  0:32  Probe  
  15  0:37  Gateway  
  15  0:40  Probe  
  16  0:47  Assimilator  
  17  0:52  Probe  
  18  1:04  Probe  
  19  1:16  Probe  
  20  1:23  Nexus  
  20  1:33  Cybernetics Core  
  20  1:36  Probe  
  21  1:45  Assimilator  
  21  1:48  Probe  
  21  1:52  Pylon  
  22  1:59  Probe  
  22  2:00  Adept  
  23  2:07  Probe  
  23  2:10  Warp Gate  
  23  2:15  Probe  
  27  2:23  Sentry  
  27  2:27  Probe  
  28  2:35  Probe  
  30  2:39  Probe  
  31  2:47  Probe  
  31  2:50  Twilight Council  
  31  2:51  Stalker, Probe  
  35  2:59  Probe  
  35  3:03  Probe  
  37  3:08  Blink  
  37  3:12  Probe  
  38  3:15  Probe  
  39  3:22  Gateway  
  39  3:24  Probe, Gateway  
  40  3:27  Probe  
  41  3:35  Pylon  
  41  3:36  Probe  
  41  3:40  Probe  
  43  3:44  Robotics Facility  
  43  3:48  Probe  
  44  3:52  Probe  
  45  4:00  Probe  
  44  4:03  Assimilator  
  44  4:04  Probe  
  44  4:05  Stalker  
  44  4:09  Robotics Facility  
  47  4:16  Probe, Pylon  
  48  4:17  Stalker  
  48  4:18  Stalker  
  48  4:20  Probe  
  48  4:22  Pylon  
  53  4:28  Observer  
  53  4:33  Nexus  
  53  4:38  Stalker  
  56  4:42  Stalker  
  58  4:46  Shield Battery  
  58  4:50  Stalker  
  60  4:56  Observer, Probe x2  
  63  5:02  Charge  
  63  5:08  Probe x2  
  63  5:11  Pylon  
  63  5:12  Stalker  
  63  5:13  Stalker  
  69  5:18  Pylon  
  69  5:20  Probe  
  70  5:28  Forge  
  70  5:29  Forge  
  70  5:32  Probe  
  70  5:34  Probe  
  70  5:44  Probe  
  70  5:46  Probe, Gateway  
  70  5:47  Gateway  
  68  5:51  Stalker  
  68  5:54  Probe  
  68  5:56  Probe  
  72  5:59  Probe  
  72  6:01  Stalker  
  74  6:06  Probe  
  74  6:10  Probe  
  74  6:14  Stalker, Protoss Ground Weapons Level 1, Protoss Ground Armor Level 1  
  74  6:17  Probe  
  77  6:20  Probe  
  77  6:24  Stalker  
  77  6:25  Stalker  
  82  6:30  Immortal  
  86  6:36  Probe  
  89  6:42  Zealot x3  
  89  6:45  Pylon  
  93  6:47  Pylon  
  93  6:52  Shield Battery  
  90  6:59  Zealot x2  
  90  7:00  Probe  
  91  7:07  Zealot x3  
  95  7:10  Probe x2  
  95  7:12  Probe  
  95  7:15  Gateway  
  98  7:17  Observer  
  98  7:22  Probe  
  99  7:24  Gateway  
  99  7:26  Gateway  
  87  7:33  Probe  
  87  7:34  Probe x2  
  87  7:36  Zealot x3  
  96  7:52  Warp Prism  
  96  7:53  Probe x2  
  96  7:56  Stalker x2  
  96  7:57  Stalker  
  104  7:59  Probe  
  104  8:11  Observer, Probe x3  
  107  8:14  Pylon  
  107  8:16  Immortal  
  107  8:17  Protoss Ground Weapons Level 2  
  107  8:18  Protoss Ground Armor Level 2  
  105  8:23  Pylon  
  103  8:27  Zealot x2  
  111  8:34  Zealot  
  111  8:35  Zealot x2  
  111  8:39  Zealot x2  
  121  8:51  Pylon  
  121  8:56  Stalker x4  
  121  9:01  Probe x2  
  113  9:09  Observer  
  90  9:21  Zealot x5  
  98  9:38  Zealot x2  
  98  9:39  Zealot  
  104  9:52  Zealot x5  
  72  10:07  Zealot x3  
  72  10:13  Zealot x3  
  83  10:19  Zealot  
  71  10:25  Zealot  
Show
View Real Time Build Order
Export as new Build Order

Special Terran - Winner!

Build Orders: Reaper Expand 

Get SALT Encoding   

  12  0:00  SCV  
  13  0:13  SCV  
  14  0:18  Supply Depot  
  14  0:25  SCV  
  15  0:39  SCV  
  15  0:41  Barracks  
  16  0:45  Refinery  
  16  0:51  SCV  
  17  1:03  SCV  
  18  1:15  SCV  
  19  1:28  Reaper, Orbital Command  
  20  1:45  Command Center  
  20  1:54  SCV  
  20  1:55  Supply Depot  
  20  2:00  Marine  
  22  2:06  SCV  
  23  2:10  Factory  
  23  2:19  SCV  
  23  2:20  Refinery  
  23  2:22  Barracks Reactor  
  24  2:31  Barracks  
  24  2:32  SCV  
  25  2:44  SCV  
  26  2:54  Starport  
  26  2:56  SCV  
  27  2:59  Marine, Widow Mine  
  27  3:00  Marine  
  31  3:08  SCV  
  31  3:16  Orbital Command  
  31  3:17  Marine x2  
  31  3:19  Barracks Tech Lab  
  33  3:21  SCV  
  34  3:28  Factory Tech Lab  
  34  3:33  SCV  
  35  3:35  Marine x2  
  35  3:39  Marine  
  38  3:42  SCV  
  38  3:45  Supply Depot  
  38  3:46  SCV  
  43  3:58  Raven  
  43  3:59  SCV  
  43  4:00  SCV, Marine x2  
  46  4:04  Stimpack  
  46  4:06  Marine  
  46  4:08  Supply Depot  
  47  4:12  SCV x2  
  47  4:14  Factory Tech Lab  
  49  4:17  Marine  
  49  4:18  Marine  
  49  4:24  SCV x2, Marine  
  53  4:26  Bunker  
  53  4:28  Barracks  
  54  4:32  Siege Tank  
  54  4:35  Marine x2  
  59  4:38  SCV x2  
  61  4:50  SCV  
  61  4:51  Refinery, Supply Depot  
  62  5:08  Supply Depot  
  62  5:10  Engineering Bay  
  62  5:12  SCV, Marine  
  62  5:13  SCV, Marauder, Marine  
  66  5:15  Supply Depot  
  66  5:16  Siege Tank  
  69  5:25  SCV  
  70  5:28  Starport Reactor  
  70  5:29  SCV  
  70  5:30  Marauder, Marine x2  
  70  5:33  Supply Depot  
  74  5:37  SCV  
  74  5:41  SCV  
  76  5:48  Marine x2  
  76  5:49  SCV  
  79  5:53  Marauder  
  79  5:54  SCV, Marauder  
  83  5:58  Factory Reactor  
  83  5:59  Terran Infantry Weapons Level 1  
  83  6:00  Refinery  
  83  6:01  SCV  
  81  6:06  SCV, Medivac x2  
  81  6:09  Marine x2  
  86  6:15  Marauder x2  
  90  6:27  Combat Shield  
  90  6:32  Command Center  
  90  6:34  Supply Depot  
  90  6:35  Marine x2  
  90  6:36  Marauder  
  94  6:44  Supply Depot  
  94  6:45  Marauder, Widow Mine x2  
  99  6:50  SCV  
  99  6:53  Medivac x2  
  101  6:56  Marine x2  
  101  6:58  Marauder  
  105  7:05  SCV  
  105  7:06  SCV, Marauder, Widow Mine x2  
  113  7:21  SCV x2, Marine x2  
  117  7:22  Barracks  
  117  7:24  Barracks  
  117  7:26  Marauder  
  117  7:29  Widow Mine  
  117  7:34  SCV  
  117  7:36  SCV  
  112  7:37  Widow Mine  
  112  7:38  Medivac  
  112  7:39  Medivac  
  118  7:44  Concussive Shells  
  118  7:47  Orbital Command  
  118  7:56  Marine x2  
  118  7:57  Marauder x2  
  124  7:59  SCV  
  124  8:01  Widow Mine x2  
  124  8:02  SCV  
  128  8:07  Terran Infantry Armor Level 1  
  128  8:11  SCV  
  129  8:13  Barracks Reactor  
  129  8:14  Marine x2  
  129  8:15  Marauder  
  133  8:22  Marauder  
  133  8:24  Supply Depot  
  133  8:25  Marauder, SCV x2, Supply Depot  
  133  8:26  Widow Mine x2  
  141  8:34  Supply Depot  
  141  8:43  Armory  
  141  8:44  Engineering Bay  
  141  8:46  SCV x3  
  141  8:47  Widow Mine x2  
  148  8:54  Marine  
  148  8:55  Marine  
  150  8:58  SCV  
  148  9:05  Marauder, Marine  
  148  9:09  Widow Mine x2  
  149  9:12  Marine  
  149  9:13  Marauder x2, Marine x2  
  149  9:15  SCV  
  145  9:21  Missile Turret  
  145  9:22  Marine  
  141  9:26  Marauder  
  141  9:27  Medivac  
  141  9:30  Widow Mine x2, Marine x2  
  148  9:34  Marauder  
  148  9:40  Marine x2  
  148  9:41  Marauder  
  152  9:51  Widow Mine  
  152  9:52  Widow Mine  
  155  9:54  Marauder, Marine x2  
  155  9:55  Marine  
  120  10:08  Marine  
  120  10:09  Marauder  
  120  10:10  Marine  
  120  10:13  Marauder, Widow Mine x2  
  119  10:16  Marine  
Tags
 
Add a new tag
Caveats
  • Supply blocks, unpowered buildings, or Contaminate may cause inaccurate times.
  • Supply counts are checked every 10 seconds.